 Dungeon Crawl Stone Soup version 0.21.1-1-g345015f (webtiles) character file.

4123 teukkam the Grappler (level 10, -14/104 HPs)
             Began as a Troll Monk on Feb 23, 2018.
             Demolished by a spiny frog (20 damage)
             ... on level 3 of the Lair of Beasts.
             The game lasted 00:16:06 (4533 turns).

teukkam the Grappler (Troll Monk)                   Turns: 4533, Time: 00:16:08

Health: -14/104    AC: 11    Str: 26 (29) XL:     10   Next: 6%
Magic:  0/23       EV: 11    Int:  4 (6)  God:
Gold:   240        SH:  0    Dex: 11 (14) Spells: 9/9 levels left

rFire    . . .     SeeInvis +     - Unarmed
rCold    . . .     Gourm    +   (no shield)
rNeg     . . .     Faith    .   f - +4 moon troll leather armour {Spirit, Regen++ MP+5}
rPois    .         Spirit   +   (helmet restricted)
rElec    .         Reflect  .   (no cloak)
rCorr    .         Harm     .   (gloves unavailable)
MR       .....                  (boots unavailable)
Stlth    ++........             (no amulet)
HPRegen  1.47/turn              d - ring of see invisible
MPRegen  0.18/turn              y - ring of magical power

@: mighty, lethally poisoned (-14 -> -15), studying Polearms
A: large, unfitting armour, claws 3, agile 1, blink, fast metabolism 3,
gourmand, regeneration 1, shaggy fur 1, tough skin 2
a: Blink


You were on level 3 of the Lair of Beasts.
You were completely stuffed.

You visited 2 branches of the dungeon, and saw 13 of its levels.

You collected 278 gold pieces.
You spent 38 gold pieces at shops.

Inventory:

Hand Weapons
 c - a cursed -2 dagger
 z - a cursed -2 shortbow
Missiles
 t - 5 tomahawks
 A - 68 arrows
 C - 5 steel tomahawks (quivered)
Armour
 a - a +1 robe
 f - the +4 moon troll leather armour (worn) {Spirit, Regen++ MP+5}
   (You found it on level 7 of the Dungeon)

   It affects your magic capacity (+5).
   It increases your rate of regeneration.
Jewellery
 d - a ring of see invisible (left claw)
 o - an uncursed ring of positive energy
 y - a ring of magical power (right claw)
Wands
 D - a wand of enslavement (2)
 E - a wand of iceblast (5)
Scrolls
 g - 2 scrolls of enchant armour
 h - 6 scrolls of remove curse
 i - 2 scrolls of enchant weapon
 k - 2 scrolls of amnesia
 l - 6 scrolls of identify {unknown}
 n - 4 scrolls of teleportation
 r - 2 scrolls of noise {unknown}
 u - 2 scrolls of fear {unknown}
 v - a scroll of magic mapping
 B - a scroll of blinking {unknown}
 F - 2 scrolls of random uselessness {unknown}
Potions
 j - a potion of might
 m - a potion of mutation
 q - a potion of lignification {unknown}
 s - a potion of cancellation {unknown}
 x - 2 potions of heal wounds {unknown}
 G - a potion of flight {unknown}
Books
 e - a book of Misfortune

   Spells                             Type                      Level
   a - Confusing Touch                Hexes                        1
   b - Confuse                        Hexes                        3
   c - Gell's Gravitas                Translocation                3
   d - Petrify                        Transmutation/Earth          4
   e - Metabolic Englaciation         Hexes/Ice                    5
   f - Yara's Violent Unravelling     Hexes/Transmutation          5
 w - a Young Poisoner's Handbook

   Spells                             Type                      Level
   a - Sting                          Conjuration/Poison           1
   b - Poisonous Vapours              Poison/Air                   2
   c - Mephitic Cloud                 Conjuration/Poison/Air       3
   d - Olgreb's Toxic Radiance        Poison                       4
   e - Venom Bolt                     Conjuration/Poison           5
 H - a manual of Polearms
 J - a book of Debilitation

   Spells                             Type                      Level
   a - Corona                         Hexes                        1
   b - Slow                           Hexes                        2
   c - Inner Flame                    Hexes/Fire                   3
   d - Portal Projectile              Hexes/Translocation          3
   e - Cause Fear                     Hexes                        4
   f - Leda's Liquefaction            Hexes/Earth                  4
Comestibles
 b - 13 rations
 I - a chunk of flesh


   Skills:
 + Level 8.1 Fighting
 - Level 4.6 Dodging
 - Level 3.0 Stealth
 + Level 9.7 Unarmed Combat


You had 9 spell levels left.
You didn't know any spells.

Dungeon Overview and Level Annotations

Branches:
Dungeon (9/15)             Temple (0/1) D:5            Lair (4/6) D:9
    Orc (0/2) D:9
  Swamp: Lair:2-4    Shoals: Lair:2-4     Snake: Lair:2-4    Spider: Lair:2-4

Altars:
Cheibriados
Elyvilon
Hepliaklqana
The Shining One

Shops:
D:7 ?!??

Annotations:
D:6 Blork the orc


Innate Abilities, Weirdness & Mutations

You are too large for most types of armour.
You have claws for hands.
Your metabolism is lightning-fast.
You like to eat raw meat.
Your natural rate of healing is unusually fast.
You are covered in fur. (AC +1)
You have very tough skin. (AC +2)
You are agile. (Dex +2)
You can translocate small distances at will.


Message History

The komodo dragon bites you. The spiny frog stings you!
You are poisoned.
The spiny frog poisons you!
You scratch the komodo dragon.
The komodo dragon is lightly wounded.
You feel sick. The komodo dragon bites you!
* * * LOW HITPOINT WARNING * * *
The spiny frog stings you!
* * * LOW HITPOINT WARNING * * *
It was a potion of mutation.
You feel extremely strange.
You feel agile.
You feel jittery.
You feel sick. The komodo dragon closely misses you. The spiny frog stings you!
* * * LOW HITPOINT WARNING * * *
It was a potion of degeneration.
There was something very wrong with that liquid.
You feel weakened.
You feel dopey.
You feel clumsy.
You feel sick. The komodo dragon bites you!
* * * LOW HITPOINT WARNING * * *
The spiny frog stings you!!
You die...

.....P.#...$..#
...............
................
................
.................
............>..$.
........F......#
.......@l.!....#
...........PPP.#
..........≈#≈..##
..........#≈≈...#
...#......≈≈≈..#
.............P.# ##..
.....##........######.#.
.#### ##...#...#...##...
######...........


You could see a komodo dragon and a spiny frog.

Vanquished Creatures
  A two-headed ogre (D:8)
  2 spiny frogs
  A hippogriff (Lair:3)
  A spriggan (Lair:1)
  A hungry ghost (D:8)
  Menkaure (D:7)
  A water moccasin (D:6)
  A sky beast (D:9)
  3 ogres
  2 centaurs (D:8)
  2 big kobolds
  5 bullfrogs
  A wyvern skeleton (D:9)
  2 scorpions (D:8)
  2 howler monkeys (D:7)
  4 crimson imps
  5 hounds
  A jelly (D:7)
  A centaur zombie (D:8)
  4 orc priests
  2 bullfrog skeletons
  2 centaur skeletons
  3 orc wizards (D:7)
  3 iguanas
  3 worker ants
  3 worker ant zombies
  7 adders
  2 shadow imps
  A worm (D:6)
  A dart slug (D:1)
  4 leopard geckos
  20 orcs
  2 giant cockroaches
  A goblin (D:1)
  A hobgoblin (D:1)
  6 kobolds
  A quokka (D:6)
  A bat (D:1)
  2 frilled lizards
  A quokka zombie (D:8)
107 creatures vanquished.

Notes
Turn   | Place    | Note
-------+----------+-------------------------------------------
     0 | D:1      | teukkam the Troll Monk began the quest for the Orb.
     0 | D:1      | Reached XP level 1. HP: 22/22 MP: 0/0
    57 | D:1      | Reached XP level 2. HP: 29/29 MP: 1/1
   201 | D:5      | Entered Level 5 of the Dungeon
   217 | D:6      | Noticed a water moccasin
   226 | D:6      | Killed a water moccasin
   226 | D:6      | Reached XP level 3. HP: 19/37 MP: 2/2
   226 | D:6      | Reached XP level 4. HP: 23/45 MP: 3/3
   242 | D:6      | Noticed Blork the orc
   344 | D:7      | Reached XP level 5. HP: 31/53 MP: 4/4
   345 | D:7      | Reached skill level 4 in Unarmed Combat
   423 | D:7      | Found Garyh's Distillery.
   424 | D:7      | Found Gompod's Magic Scroll Shop.
   442 | D:7      | Found Moalleug's Magic Scroll Emporium.
   450 | D:7      | Reached XP level 6. HP: 44/61 MP: 5/5
   500 | D:7      | Found the +4 moon troll leather armour {Spirit, Regen++ MP+5}
   694 | D:6      | Found a white marble altar of Elyvilon.
   789 | D:6      | Reached XP level 7. HP: 68/68 MP: 6/6
   903 | D:5      | Found a staircase to the Ecumenical Temple.
  1017 | D:5      | Reached skill level 5 in Unarmed Combat
  1621 | D:6      | Found a hazy altar of Hepliaklqana.
  1621 | D:6      | Found a glowing golden altar of the Shining One.
  2381 | D:7      | Reached XP level 8. HP: 75/79 MP: 7/7
  2646 | D:7      | Noticed Menkaure
  2656 | D:7      | Killed Menkaure
  2656 | D:7      | Reached skill level 5 in Fighting
  2656 | D:7      | Reached skill level 6 in Unarmed Combat
  2658 | D:7      | Found Noige Agu's Magic Scroll Shoppe.
  2664 | D:7      | Bought a scroll of magic mapping for 38 gold pieces
  3146 | D:8      | Found a snail-covered altar of Cheibriados.
  3285 | D:8      | Reached skill level 7 in Unarmed Combat
  3433 | D:8      | Reached XP level 9. HP: 89/89 MP: 8/8
  3575 | D:8      | Noticed a two-headed ogre
  3590 | D:8      | Killed a two-headed ogre
  3590 | D:8      | Reached skill level 8 in Unarmed Combat
  4160 | D:9      | Found a staircase to the Orcish Mines.
  4281 | D:9      | Reached skill level 9 in Unarmed Combat
  4310 | D:9      | Found a staircase to the Lair.
  4320 | Lair:1   | Entered Level 1 of the Lair of Beasts
  4320 | Lair:1   | Noticed a spiny frog
  4320 | Lair:1   | Noticed a spiny frog
  4332 | Lair:1   | Killed a spiny frog
  4456 | Lair:3   | Noticed a spiny frog
  4469 | Lair:3   | Killed a spiny frog
  4469 | Lair:3   | Reached XP level 10. HP: 94/104 MP: 9/9
  4480 | Lair:4   | Noticed an eight-headed hydra
  4521 | Lair:3   | Noticed a spiny frog
  4532 | Lair:3   | Gained mutation: You are agile. (Dex +2) [potion of mutation]
  4532 | Lair:3   | Gained mutation: You can translocate small distances at will. [potion of mutation]
  4533 | Lair:3   | Demolished by a spiny frog

Skill      XL: |  1  2  3  4  5  6  7  8  9 |
---------------+----------------------------+-----
Fighting       | 3 4 6 8 |  8.1
Dodging        | 3 4 |  4.6
Unarmed Combat | 4 5 7 9 |  9.7
Stealth        | 2 3 |  3.0

Action                   |  1- 3 |  4- 6 |  7- 9 | 10-12 || total
-------------------------+-------+-------+-------+-------++-------
Melee: Unarmed           |    24 |    84 |   232 |    10 ||   350
       Punch             |       |     3 |     6 |       ||     9
Throw: Tomahawk          |       |       |    11 |     3 ||    14
  Use: Scroll            |       |     5 |       |       ||     5
       Potion            |       |     1 |     1 |     3 ||     5
 Stab: Sleeping          |       |     1 |     5 |       ||     6
       Distracted        |       |       |     2 |       ||     2
  Eat: Chunk             |     6 |     7 |    39 |     3 ||    55
Armor: Robe              |     7 |    14 |       |       ||    21
       Troll leather arm |       |    13 |    59 |     3 ||    75
Dodge: Dodged            |    19 |    37 |   106 |    10 ||   172
